AoeStats
← KND

Arena

509376594Analyzed
3v3 RM · 4d ago on Sep 26, 2026· 53m 37s· 6 players
Game mode
Random Map
Map size
Normal (6 player)
Population
200
Speed
Normal
Resources
Standard
Victory
Conquest
Starting age
Dark Age
Ending age
Imperial Age
RankedLock teamsTeams togetherTeam positionsShared explorationLock speedFull tech treeHidden civsTurbo modeCheats
Victory
Defeat
🇪🇸 Teutons · Spain
1484
+15
🇪🇨 Georgians · Ecuador
1481
+15
🇵🇪 Bohemians · Peru
1477
+15
🇧🇷 Bohemians · Brazil
1512
-18
🇨🇳 Malay · China
1465
-15
🇧🇷 Spanish · Brazil
1383
-12
苏东坡的粉丝
4:54 Loom
11:35 Feudal Age
15:27 Castle Age
13:27 Double-Bit Axe
13:39 Horse Collar
14:05 Gold Mining
17:22 Bow Saw
22:40 Wheelbarrow
22:14 Stone Mining
23:07 Heavy Plow
25:15 Hand Cart
25:40 Gold Shaft Mining
29:26 Imperial Age
27:04 Scale Barding Armor
27:29 Forging
27:58 Stone Shaft Mining
28:34 Husbandry
29:39 Conscription
29:57 Elite Battle Elephant
31:15 Iron Casting
32:46 Fletching
33:57 Blast Furnace
34:02 Bodkin Arrow
34:26 Crossbowman
35:35 Padded Archer Armor
35:57 Ballistics
36:38 Chemistry
35:01 Arbalester
35:46 Thumb Ring
37:43 Bracer
38:07 Forced Levy
37:45 Man-at-Arms
38:26 Squires
39:05 Masonry
39:50 Leather Archer Armor
39:14 Long Swordsman
39:40 Arson
39:50 Two-Handed Swordsman
41:37 Ring Archer Armor
42:37 Thumb Ring
Guido
5:55 Loom
8:25 Feudal Age
21:37 Town Watch
KND
10:51 Feudal Age
14:27 Castle Age
12:36 Double-Bit Axe
13:12 Horse Collar
15:29 Bow Saw
16:32 Loom
20:38 Sanctity
24:00 Redemption
24:27 Fervor
25:19 Wheelbarrow
29:20 Forging
29:22 Fletching
34:48 Hand Cart
35:30 Heavy Plow
41:18 Imperial Age
39:08 Bodkin Arrow
40:18 Ballistics
39:58 Town Watch
40:36 Wagenburg Tactics
41:03 Scale Barding Armor
42:13 Chemistry
42:32 Conscription
43:37 Two-Man Saw
43:45 Hussite Reforms
44:28 Masonry
44:14 Murder Holes
46:05 Redemption
46:12 Block Printing
46:02 Bracer
47:19 Houfnice
48:07 Squires
47:53 Arson
48:16 Atonement
48:19 Devotion
48:44 Illumination
48:15 Herbal Medicine
48:55 Theocracy
48:40 Heresy
49:02 Pikeman
50:35 Architecture
50:28 Faith
50:52 Elite Hussite Wagon
52:53 Padded Archer Armor
53:29 Iron Casting
El coco
6:19 Loom
8:59 Feudal Age
9:26 Town Watch
31:08 Castle Age
31:38 Double-Bit Axe
31:35 Horse Collar
32:32 Heavy Plow
32:44 Bow Saw
35:58 Fortified Wall
36:08 Gold Mining
37:06 Wheelbarrow
38:31 Hand Cart
38:17 Town Patrol
43:01 Imperial Age
40:52 Scale Barding Armor
41:35 Forging
41:26 Scale Mail Armor
41:36 Forging
41:34 Scale Mail Armor
41:44 Squires
41:29 Gambesons
41:30 Arson
41:37 Stone Mining
42:47 Masonry
42:54 Chain Mail Armor
43:14 Iron Casting
42:55 Chain Mail Armor
43:15 Iron Casting
44:23 Plate Mail Armor
44:15 Conscription
45:26 Blast Furnace
45:29 Stone Shaft Mining
46:31 Hoardings
45:52 Elite Teutonic Knight
47:06 Crenellations
48:22 Two-Man Saw
50:20 Chain Barding Armor
50:11 Onager
52:07 Plate Barding Armor
54:32 Chemistry
53:53 Ballistics
Ing.Patrick QG
10:56 Feudal Age
12:25 Double-Bit Axe
14:41 Castle Age
13:25 Horse Collar
16:43 Fervor
21:41 Forging
21:39 Light Cavalry
23:49 Wheelbarrow
25:16 Husbandry
26:37 Scale Barding Armor
27:06 Hand Cart
31:08 Imperial Age
28:25 Loom
29:51 Chemistry
28:52 Pikeman
29:50 Scale Mail Armor
30:46 Chain Mail Armor
31:41 Iron Casting
31:33 Squires
31:16 Halberdier
32:29 Plate Mail Armor
32:48 Houfnice
37:57 Blast Furnace
37:36 Bow Saw
37:27 Heavy Plow
38:10 Siege Engineers
41:16 Two-Man Saw
41:14 Padded Archer Armor
42:04 Wagenburg Tactics
43:48 Conscription
43:54 Leather Archer Armor
44:13 Ballistics
44:57 Devotion
46:06 Heavy Scorpion
47:32 Ring Archer Armor
53:58 Fletching
el adriano
10:25 Feudal Age
15:00 Castle Age
13:19 Double-Bit Axe
13:46 Horse Collar
16:17 Bow Saw
16:11 Heavy Plow
19:20 Scale Barding Armor
25:45 Chain Barding Armor
27:37 Loom
29:17 Forging
29:58 Wheelbarrow
30:34 Bloodlines
31:32 Gold Mining
32:34 Iron Casting
33:10 Fletching
34:11 Light Cavalry
36:05 Bodkin Arrow
36:19 Town Watch
36:49 Hand Cart
40:57 Imperial Age
39:25 Padded Archer Armor
39:47 Town Patrol
39:52 Stone Mining
42:43 Chemistry
42:24 Leather Archer Armor
43:29 Bracer
45:41 Plate Barding Armor
46:07 Blast Furnace
44:55 Hussar
48:03 Crop Rotation
49:12 Conscription
48:59 Cavalier
Connection lost

Rejoining the realm…

Still unreachable

The connection could not be restored.

Session expired

The server has moved on; the page needs a fresh start.